BSA
BEECH MOUNTAIN MOUNTAINEERS @ EL DORADO OILERS
08/21/2028
 
TOP OF THE 1ST
Beech Mountain Mountaineers batting - Pitching for El Dorado Oilers : RHP Jeffrey Stephens
Pitching: RHP Jeffrey Stephens
Batting: SHB Félix Montoya 0-0: Ball
1-0: Called Strike
1-1: Ball
2-1: Ball
3-1: Swinging Strike
3-2: Strikes out swinging
Batting: SHB Miguel González 0-0: SINGLE (Line Drive, 89S)
Batting: LHB Robert Phillips 0-0: Ball
1-0: Ball
2-0: Called Strike
2-1: Ball
3-1: Called Strike
3-2: Base on Balls
Miguel González to second
Batting: SHB Juan Castro 0-0: Ball
1-0: Foul Ball, location: 2F
1-1: Ball
Wild Pitch!
Miguel González to third
Robert Phillips to second
2-1: Called Strike
2-2: Foul Ball, location: 2F
2-2: Fly out, F8 (Flyball, 8LXD)
Runner from 3rd tags up, SCORES, no throw
Batting: SHB Rick Turner 0-0: Called Strike
0-1: Swinging Strike
0-2: Foul Ball, location: 2F
0-2: Ball
1-2: Foul Ball, location: 2F
1-2: Foul Ball, location: 2F
1-2: Ball
2-2: Foul Ball, location: 2F
2-2: Ball
3-2: Foul Ball, location: 2F
3-2: 2-RUN HOME RUN (Flyball, 89XD), Distance : 386 ft
Batting: SHB Tony López 0-0: Foul Ball, location: 2F
0-1: DOUBLE (Flyball, 89M)
Batting: RHB R.J. Parker 0-0: Called Strike
0-1: Foul Ball, location: 2F
0-2: Strikes out swinging
Top of the 1st over - 3 run(s), 3 hit(s), 0 error(s), 1 left on base; Beech Mountain 3 - El Dorado 0
BOTTOM OF THE 1ST
El Dorado Oilers batting - Pitching for Beech Mountain Mountaineers : RHP Tim Hill
Pitching: RHP Tim Hill
Batting: RHB Nick Webb 0-0: Ground out 5-3 (Groundball, 5)
Batting: RHB José Carlos Caraballo 0-0: Fly out, F9 (Flyball, 9S)
Batting: LHB Tony Abete 0-0: Ball
1-0: Ball
2-0: Ball
3-0: Base on Balls
Batting: RHB Valentín Borges 0-0: Called Strike
0-1: Ball
1-1: Ball
Tony Abete steals 2nd base
2-1: Swinging Strike
2-2: Strikes out looking
Bottom of the 1st over - 0 run(s), 0 hit(s), 0 error(s), 1 left on base; Beech Mountain 3 - El Dorado 0
TOP OF THE 2ND
Beech Mountain Mountaineers batting - Pitching for El Dorado Oilers : RHP Jeffrey Stephens
Batting: LHB Pedro Gonzáles 0-0: Called Strike
0-1: Ball
1-1: Called Strike
1-2: Fly out, F3 (Popup, 34)
Batting: LHB Jeff Doss 0-0: Ball
1-0: Foul Ball, location: 2F
1-1: TRIPLE (Flyball, 89M)
Batting: SHB Félix Montoya 0-0: Called Strike
0-1: Swinging Strike
0-2: Strikes out swinging
Batting: SHB Miguel González 0-0: Ball
1-0: Called Strike
1-1: Fly out, F8 (Flyball, 8LM)
Top of the 2nd over - 0 run(s), 1 hit(s), 0 error(s), 1 left on base; Beech Mountain 3 - El Dorado 0
BOTTOM OF THE 2ND
El Dorado Oilers batting - Pitching for Beech Mountain Mountaineers : RHP Tim Hill
Batting: LHB José Hernández 0-0: Ball
1-0: Ball
2-0: Called Strike
2-1: Fly out, F9 (Flyball, 9S)
Batting: RHB Chris Parker 0-0: TRIPLE (Flyball, 9LM)
Batting: LHB José Martínez 0-0: Ball
1-0: Called Strike
1-1: Reached on error, E1 (Groundball, 13S)
Chris Parker scores
Batting: RHB Eric Johnson 0-0: Ball
1-0: Called Strike
1-1: Ball
2-1: Ball
3-1: Foul Ball, location: 2F
3-2: Base on Balls
Batting: SHB Theron Harper 0-0: Fielders Choice at 2nd, 4-6 (Groundball, 34)
José Martínez to third
Batting: RHB Nick Webb 0-0: Hit by Pitch
Theron Harper to second
Batting: RHB José Carlos Caraballo 0-0: SINGLE (Groundball, 34D)
José Martínez scores
Theron Harper to third
Nick Webb to second
Runner from 3rd tries for Home, SAFE, no throw
Batting: LHB Tony Abete 0-0: Fly out, F8 (Flyball, 8RD)
Bottom of the 2nd over - 3 run(s), 2 hit(s), 1 error(s), 2 left on base; Beech Mountain 3 - El Dorado 3
TOP OF THE 3RD
Beech Mountain Mountaineers batting - Pitching for El Dorado Oilers : RHP Jeffrey Stephens
Batting: LHB Robert Phillips 0-0: Called Strike
0-1: Ball
1-1: SOLO HOME RUN (Flyball, 9LD), Distance : 371 ft
Batting: SHB Juan Castro 0-0: Called Strike
0-1: Ground out 6-3 (Groundball, 6)
Batting: SHB Rick Turner 0-0: Ball
1-0: Ball
2-0: Ball
3-0: Base on Balls
Batting: SHB Tony López 0-0: Called Strike
0-1: SINGLE (Groundball, 6D)
Rick Turner to second
Rick Turner to third
Batting: RHB R.J. Parker 0-0: Called Strike
Tony López steals 2nd base
0-1: Ball
1-1: Fly out, F9 (Flyball, 9)
Runner from 3rd tags up, SCORES, throw made
Batting: LHB Pedro Gonzáles 0-0: Ball
1-0: Swinging Strike
1-1: Swinging Strike
1-2: Fly out, F4 (Line Drive, 4)
Top of the 3rd over - 2 run(s), 2 hit(s), 0 error(s), 1 left on base; Beech Mountain 5 - El Dorado 3
BOTTOM OF THE 3RD
El Dorado Oilers batting - Pitching for Beech Mountain Mountaineers : RHP Tim Hill
Batting: RHB Valentín Borges 0-0: Ball
1-0: Called Strike
1-1: Called Strike
1-2: Ground out 5-3 (Groundball, 56)
Batting: LHB José Hernández 0-0: Called Strike
0-1: Fly out, F2 (Popup, 23)
Batting: RHB Chris Parker 0-0: Ball
1-0: Foul Ball, location: 2F
1-1: Foul Ball, location: 2F
1-2: Fly out, F9 (Flyball, 9LSF)
Bottom of the 3rd over - 0 run(s), 0 hit(s), 0 error(s), 0 left on base; Beech Mountain 5 - El Dorado 3
TOP OF THE 4TH
Beech Mountain Mountaineers batting - Pitching for El Dorado Oilers : RHP Jeffrey Stephens
Batting: LHB Jeff Doss 0-0: SINGLE (Line Drive, 8LS)
Batting: SHB Félix Montoya 0-0: Ball
1-0: Ball
2-0: Ball
3-0: Called Strike
3-1: Base on Balls
Jeff Doss to second
Batting: SHB Miguel González 0-0: Foul Ball, location: 2F
0-1: Swinging Strike
0-2: Ball
1-2: Foul Ball, location: 2F
1-2: Ball
2-2: Fly out, F8 (Flyball, 8LS)
Batting: LHB Robert Phillips 0-0: Ball
1-0: Swinging Strike
1-1: 3-RUN HOME RUN (Line Drive, 89XD), Distance : 410 ft
Pitching: RHP Pete Cook
Batting: SHB Juan Castro 0-0: Ball
1-0: Ball
2-0: Ball
3-0: Called Strike
3-1: Foul Ball, location: 2F
3-2: Foul Ball, location: 2F
3-2: Base on Balls
Batting: SHB Rick Turner 0-0: Ball
1-0: Ball
2-0: Called Strike
2-1: Foul Ball, location: 2F
2-2: Ball
3-2: Base on Balls
Juan Castro to second
Batting: SHB Tony López 0-0: Fly out, F6 (Line Drive, 6M)
Batting: RHB R.J. Parker 0-0: Called Strike
0-1: Foul Ball, location: 2F
0-2: Foul Ball, location: 2F
0-2: Strikes out swinging
Top of the 4th over - 3 run(s), 2 hit(s), 0 error(s), 2 left on base; Beech Mountain 8 - El Dorado 3
BOTTOM OF THE 4TH
El Dorado Oilers batting - Pitching for Beech Mountain Mountaineers : RHP Tim Hill
Batting: LHB José Martínez 0-0: Swinging Strike
0-1: Swinging Strike
0-2: Strikes out swinging
Batting: RHB Eric Johnson 0-0: Ball
1-0: Foul Ball, location: 2F
1-1: Ball
2-1: Foul Ball, location: 2F
2-2: Ball
3-2: Base on Balls
Batting: SHB Theron Harper 0-0: Called Strike
0-1: Ball
1-1: Fielders Choice at 2nd, 6-4 (Groundball, 6)
Batting: RHB Nick Webb 0-0: Ball
1-0: Ball
2-0: SINGLE (Groundball, 4D)
Theron Harper to second
Runner from 2nd tries for 3rd, SAFE, throw made to third
Batting: RHB José Carlos Caraballo 0-0: Fly out, F8 (Line Drive, 78D)
Bottom of the 4th over - 0 run(s), 1 hit(s), 0 error(s), 2 left on base; Beech Mountain 8 - El Dorado 3
TOP OF THE 5TH
Beech Mountain Mountaineers batting - Pitching for El Dorado Oilers : RHP Pete Cook
Batting: LHB Pedro Gonzáles 0-0: Called Strike
0-1: Ball
1-1: Foul Ball, location: 2F
1-2: Ball
2-2: Ball
3-2: Foul Ball, location: 2F
3-2: Foul Ball, location: 2F
3-2: Base on Balls
Batting: LHB Jeff Doss 0-0: Ball
1-0: Ball
2-0: Foul Ball, location: 2F
2-1: Foul Ball, location: 2F
2-2: Foul Ball, location: 2F
2-2: Ball
3-2: Foul Ball, location: 2F
3-2: Base on Balls
Pedro Gonzáles to second
Batting: SHB Félix Montoya 0-0: Ball
1-0: 3-RUN HOME RUN (Line Drive, 8LXD), Distance : 432 ft
Pitching: RHP César López
Batting: SHB Miguel González 0-0: Ball
1-0: Called Strike
1-1: Foul Ball, location: 2F
1-2: Foul Ball, location: 2F
1-2: Ground out 4-3 (Groundball, 34)
Batting: LHB Robert Phillips 0-0: Foul Ball, location: 2F
0-1: Ball
1-1: Hit by Pitch
Batting: SHB Juan Castro 0-0: 2-RUN HOME RUN (Flyball, 8RXD), Distance : 423 ft
Batting: SHB Rick Turner 0-0: Ball
1-0: DOUBLE (Line Drive, 9LD)
Batting: SHB Tony López 0-0: Ground out 4-3 (Groundball, 4D)
Rick Turner to third
Batting: RHB R.J. Parker 0-0: Ball
1-0: Fly out, F9 (Flyball, 9LM)
Top of the 5th over - 5 run(s), 3 hit(s), 0 error(s), 1 left on base; Beech Mountain 13 - El Dorado 3
BOTTOM OF THE 5TH
El Dorado Oilers batting - Pitching for Beech Mountain Mountaineers : RHP Tim Hill
Batting: LHB Tony Abete 0-0: Ball
1-0: Called Strike
1-1: DOUBLE (Line Drive, 7LD)
Batting: RHB Valentín Borges 0-0: Swinging Strike
0-1: Ball
1-1: Fly out, F4 (Line Drive, 4)
Batting: LHB José Hernández 0-0: Ball
Tony Abete is caught stealing 3rd base
1-0: Ball
2-0: Called Strike
2-1: SINGLE (Line Drive, 89S)
Batting: RHB Chris Parker 0-0: Fielders Choice at 2nd, 4-6 (Groundball, 4)
Bottom of the 5th over - 0 run(s), 2 hit(s), 0 error(s), 0 left on base; Beech Mountain 13 - El Dorado 3
TOP OF THE 6TH
Beech Mountain Mountaineers batting - Pitching for El Dorado Oilers : RHP César López
Batting: LHB Pedro Gonzáles 0-0: Ground out 4-3 (Groundball, 4)
Batting: LHB Jeff Doss 0-0: Ball
1-0: Ball
2-0: Ground out 6-3 (Groundball, 6MD)
Batting: SHB Félix Montoya 0-0: Called Strike
0-1: Called Strike
0-2: Foul Ball, location: 2F
0-2: Ball
1-2: Strikes out swinging
Top of the 6th over - 0 run(s), 0 hit(s), 0 error(s), 0 left on base; Beech Mountain 13 - El Dorado 3
BOTTOM OF THE 6TH
El Dorado Oilers batting - Pitching for Beech Mountain Mountaineers : RHP Tim Hill
Pinch Hitting: RHB Juan Jiménez 0-0: Ball
1-0: Ball
2-0: Ball
3-0: Called Strike
3-1: Base on Balls
Pinch Hitting: RHB José Montoya 0-0: Foul Ball, location: 2F
0-1: Ball
1-1: Ball
2-1: Foul Ball, location: 2F
2-2: Fly out, F8 (Line Drive, 8RS)
Batting: SHB Theron Harper 0-0: Ball
1-0: SINGLE (Groundball, 6MD)
Juan Jiménez to second
Runner from 2nd tries for 3rd, OUT!
Theron Harper to second
Batting: RHB Nick Webb 0-0: SINGLE (Groundball, 4MD)
Theron Harper to third
Runner from 3rd tries for Home, SAFE, no throw
Batting: RHB José Carlos Caraballo 0-0: Ball
1-0: Called Strike
1-1: Foul Ball, location: 2F
1-2: Foul Ball, location: 2F
1-2: Fielders Choice at 2nd, U6 (Groundball, 6M)
Bottom of the 6th over - 1 run(s), 2 hit(s), 0 error(s), 1 left on base; Beech Mountain 13 - El Dorado 4
TOP OF THE 7TH
Beech Mountain Mountaineers batting - Pitching for El Dorado Oilers : RHP César López
Now at 3B: Juan Jiménez
Now in LF: Pete Smith
Batting: SHB Miguel González 0-0: Called Strike
0-1: Foul Ball, location: 2F
0-2: Ground out 1-3 (Groundball, 13)
Batting: LHB Robert Phillips 0-0: Foul Ball, location: 2F
0-1: Ball
1-1: Ball
2-1: Ball
3-1: Foul Ball, location: 2F
3-2: Base on Balls
Batting: SHB Juan Castro 0-0: Ball
1-0: Foul Ball, location: 2F
1-1: Fly out, F8 (Line Drive, 8LD)
Batting: SHB Rick Turner 0-0: Ball
1-0: Fly out, F4 (Popup, 4)
Top of the 7th over - 0 run(s), 0 hit(s), 0 error(s), 1 left on base; Beech Mountain 13 - El Dorado 4
BOTTOM OF THE 7TH
El Dorado Oilers batting - Pitching for Beech Mountain Mountaineers : RHP Tim Hill
Batting: LHB Tony Abete 0-0: Ball
1-0: Ball
2-0: Called Strike
2-1: Swinging Strike
2-2: Ball
3-2: Base on Balls
Pitching: RHP Júlio Torres
Batting: RHB Valentín Borges 0-0: Ball
1-0: Foul Ball, location: 2F
1-1: Swinging Strike
1-2: SINGLE (Groundball, 4D)
Tony Abete to second
Runner from 2nd tries for 3rd, OUT!
Batting: LHB José Hernández 0-0: Swinging Strike
0-1: Ball
1-1: Grounds into double play, 4-6-3 (Groundball, 34D)
Bottom of the 7th over - 0 run(s), 1 hit(s), 0 error(s), 0 left on base; Beech Mountain 13 - El Dorado 4
TOP OF THE 8TH
Beech Mountain Mountaineers batting - Pitching for El Dorado Oilers : RHP César López
Batting: SHB Tony López 0-0: Ball
1-0: Ball
2-0: Called Strike
2-1: Ball
3-1: Base on Balls
Batting: RHB R.J. Parker 0-0: Called Strike
0-1: Ball
1-1: Foul Ball, location: 2F
1-2: Fly out, F6 (Flyball, 6D)
Batting: LHB Pedro Gonzáles 0-0: Called Strike
0-1: Ball
1-1: Fielders Choice at 2nd, 3-6 (Groundball, 34)
Batting: LHB Jeff Doss 0-0: Called Strike
0-1: Fielders Choice at 2nd, 6-4 (Groundball, 6)
Top of the 8th over - 0 run(s), 0 hit(s), 0 error(s), 0 left on base; Beech Mountain 13 - El Dorado 4
BOTTOM OF THE 8TH
El Dorado Oilers batting - Pitching for Beech Mountain Mountaineers : RHP Júlio Torres
Batting: RHB Chris Parker 0-0: Called Strike
0-1: Ball
1-1: Ball
2-1: Called Strike
2-2: Foul Ball, location: 2F
2-2: Foul Ball, location: 2F
2-2: SINGLE (Groundball, 56S) (infield hit)
Batting: RHB Juan Jiménez 0-0: Ball
1-0: Called Strike
1-1: Swinging Strike
1-2: Ball
2-2: Strikes out looking
Batting: RHB Pete Smith 0-0: Ball
1-0: Ball
2-0: Called Strike
2-1: Foul Ball, location: 2F
2-2: Strikes out swinging
Batting: SHB Theron Harper 0-0: Foul Ball, location: 2F
0-1: Ball
1-1: Fly out, F9 (Flyball, 9)
Bottom of the 8th over - 0 run(s), 1 hit(s), 0 error(s), 1 left on base; Beech Mountain 13 - El Dorado 4
TOP OF THE 9TH
Beech Mountain Mountaineers batting - Pitching for El Dorado Oilers : RHP César López
Pitching: RHP Ken Gary
Batting: SHB Félix Montoya 0-0: Foul Ball, location: 2F
0-1: Ball
1-1: Swinging Strike
1-2: Ground out 4-3 (Groundball, 4)
Batting: SHB Miguel González 0-0: SINGLE (Line Drive, 78S)
Batting: LHB Robert Phillips 0-0: Ball
1-0: Ball
2-0: Foul Ball, location: 2F
2-1: Ball
3-1: Base on Balls
Miguel González to second
Batting: SHB Juan Castro 0-0: Ball
1-0: Ball
2-0: Ball
3-0: Base on Balls
Miguel González to third
Robert Phillips to second
Batting: SHB Rick Turner 0-0: Called Strike
0-1: SINGLE (Flyball, 7LM)
Miguel González scores
Robert Phillips to third
Juan Castro to second
Batting: SHB Tony López 0-0: Called Strike
0-1: Ball
1-1: Swinging Strike
1-2: Ball
2-2: SINGLE (Line Drive, 6M)
Robert Phillips scores
Juan Castro to third
Rick Turner to second
Batting: RHB R.J. Parker 0-0: Swinging Strike
0-1: Ball
1-1: Ball
2-1: Ball
3-1: Base on Balls
Juan Castro scores
Rick Turner to third
Tony López to second
Pitching: RHP Mitch Brown
Batting: LHB Pedro Gonzáles 0-0: Ball
1-0: Ball
2-0: Ball
3-0: Fly out, F3 (Line Drive, 3)
Lined into DP, U3 (Line Drive, 3)
Top of the 9th over - 3 run(s), 3 hit(s), 0 error(s), 2 left on base; Beech Mountain 16 - El Dorado 4
BOTTOM OF THE 9TH
El Dorado Oilers batting - Pitching for Beech Mountain Mountaineers : RHP Júlio Torres
Batting: RHB Nick Webb 0-0: Ball
1-0: Called Strike
1-1: Foul Ball, location: 2F
1-2: Strikes out swinging
Batting: RHB José Carlos Caraballo 0-0: Ball
1-0: Ball
2-0: Fly out, F9 (Flyball, 9S)
Batting: LHB Tony Abete 0-0: Called Strike
0-1: Foul Ball, location: 2F
0-2: Ball
1-2: SOLO HOME RUN (Flyball, 9LD), Distance : 351 ft
Batting: RHB Valentín Borges 0-0: Called Strike
0-1: Ball
1-1: Called Strike
1-2: Fly out, F7 (Flyball, 7D)
Bottom of the 9th over - 1 run(s), 1 hit(s), 0 error(s), 0 left on base; Beech Mountain 16 - El Dorado 5
Tuesday, August 8th, 2017 - OOTP Baseball 17.12 Build 75